 Dungeon Crawl Stone Soup version 0.30-a0-137-gd8773701ce (webtiles) character file.

Game seed: 2469848352559302999

27 testman the Sneak (level 2, -5/13 HPs)
             Began as a Spriggan Enchanter on Sept 21, 2022.
             Was an Initiate of Gozag.
             Slain by a gnoll
             ... wielding a +0 halberd
              (7 damage)
             ... on level 2 of the Dungeon.
             The game lasted 00:05:28 (1258 turns).

testman the Sneak (Spriggan Enchanter)              Turns: 1258, Time: 00:05:29

Health: -5/13      AC:  2    Str:  4    XL:     2   Next: 93%
Magic:  4/6        EV: 17    Int: 16    God:    Gozag
Gold:   79         SH:  0    Dex: 15    Spells: 4/6 levels left

rFire   . . .      SeeInvis +    g - +2 dagger (drain)
rCold   . . .      Faith    .    (no shield)
rNeg    . . .      Spirit   .    b - +0 robe
rPois   .          Reflect  .    (helmet restricted)
rElec   .          Harm     .    (no cloak)
rCorr   .          Rampage  .    (gloves unavailable)
Will    .....                    (boots unavailable)
Stlth   +++.......               (no amulet)
HPRegen 0.04/turn                (no ring)
MPRegen 0.10/turn                (no ring)

@: gold aura, very slightly contaminated, very quick
A: very small, no large weapons, unfitting armour, see invisible, speed 3
a: Renounce Religion, Potion Petition, Call Merchant, Bribe Branch


You were on level 2 of the Dungeon.
You worshipped Gozag.
Gozag was noncommittal.
You visited 1 branch of the dungeon, and saw 2 of its levels.

You collected 79 gold pieces.

Inventory:

Hand Weapons
 a - a +1 dagger
 d - a +1 short sword of protection
 g - a +2 dagger of draining (weapon)
Armour
 b - a +0 robe (worn)
Scrolls
 f - a scroll of blinking {unknown}
 i - a scroll of fear {unknown}
 k - 3 scrolls of identify {unknown}
 l - a scroll of noise {unknown}
 n - a scroll of magic mapping {unknown}
Potions
 c - 2 potions of invisibility
 e - 3 potions of cancellation {unknown}
 h - a potion of heal wounds {unknown}
 j - a potion of lignification {unknown}
 m - a potion of flight {unknown}
 o - a potion of curing {unknown}


   Skills:
 - Level 2.0 Short Blades
 - Level 2.7 Dodging
 - Level 4.4 Stealth
 - Level 2.7 Spellcasting
 - Level 4.0 Hexes
 + Level 1.1 Ice Magic


You had 4 spell levels left.
You knew the following spells:

 Your Spells              Type           Power      Damage    Failure   Level
a - Ensorcelled Hibernat  Hex/Ice        20%        N/A       10%         2

Your spell library contained the following spells:

 Spells                   Type           Power      Damage    Failure   Level
 Confusing Touch          Hex            15%        N/A       11%         3
 Tukima's Dance           Hex            15%        N/A       11%         3
 Dazzling Flash           Conj/Hex       16%        N/A       26%         3


Dungeon Overview and Level Annotations

Branches:
Dungeon (2/15)

Altars:
Gozag


Innate Abilities, Weirdness & Mutations

You are very small and have problems with some larger weapons.
You are too small for most types of armour.
You have supernaturally acute eyesight. (SInv)
You cover ground extremely quickly. (Speed+++)


Message History

o - a glowing red potion You now have 74 gold pieces (gained 5).
The helpless goblin fails to defend itself.
You impale the goblin!!
You kill the goblin!
You now have 79 gold pieces (gained 5).
You see here a +0 dagger.
You open the door.
There is an open door here.
A rat comes into view.
A gnoll comes into view. It is wielding a +0 halberd.
The gnoll shouts!
You hear an angry hiss.
You hear a shout!
You hit the rat.
The rat is severely wounded.
You hear a shout!
The rat bites you.
You barely miss the rat.
The rat is severely wounded.
The rat barely misses you.
You hit the rat.
You kill the rat!
The gnoll misses you. The gnoll hits you with a +0 halberd!
Ouch! That really hurt!
* * * LOW HITPOINT WARNING * * *
You see here 3 gold pieces.
You are too injured to fight recklessly!
You are too injured to fight recklessly!
Okay, then.
Casting: Ensorcelled Hibernation (safe; 10% risk of failure)
Confirm with . or Enter, or press ? or * to list all spells.
Aiming: Ensorcelled Hibernation (safe; 10% risk of failure)
Press: ? - help, Shift-Dir - straight line, f - gnoll
Aim: a gnoll, wielding a +0 halberd (chance to affect: 52%)
You miscast Ensorcelled Hibernation.
You are very lightly contaminated with residual magic.
Nothing appears to happen.
The gnoll hits you with a +0 halberd!
Ouch! That really hurt!
You die...
Your body crumbles into a pile of gold.

#.########.#.############
#..........#.............
####..##########.########
##....# #.# ###..# #.#
#..# #.# #..# #.. ##.##
##. #@.# . #g.# .# #..#
#... #####


You could see a gnoll.

Vanquished Creatures
  5 ball pythons
  2 bats (D:1)
  2 endoplasms (D:1)
  2 giant cockroaches (D:1)
  2 goblins
  A hobgoblin (D:1)
  2 quokkas (D:1)
  A frilled lizard (D:1)
  4 kobolds (D:1)
  4 rats
25 creatures vanquished.

Notes
Turn   | Place    | Note
-------+----------+-------------------------------------------
     0 | D:1      | testman the Spriggan Enchanter began the quest for the Orb.
     0 | D:1      | Reached XP level 1. HP: 9/9 MP: 5/5
   492 | D:1      | Reached XP level 2. HP: 10/12 MP: 6/6
   554 | D:1      | Learned a level 2 spell: Ensorcelled Hibernation
   957 | D:1      | Reached skill level 1 in Ice Magic
  1177 | D:2      | Found a faded altar of an unknown god.
  1182 | D:2      | Prayed at the altar of an unknown god.
  1182 | D:2      | Became a worshipper of Gozag Ym Sagoz the Greedy
  1258 | D:2      | Slain by a gnoll

Illustrated notes

Levels and vault maps discovered:
D:1:      co_arrival_random_square_maze, layout_loops_ring, st_stairs_11
D:2:      minmay_angry_zag, layout_basic, dreamdust_ecumenical_altar_statues,
          uniq_terence

Skill      XL: |  1  2 |
---------------+-------+-----
Short Blades   | 2 |  2.0
Hexes          | 4 |  4.0
Ice Magic      | 1 |  1.1
Dodging        | |  2.7
Stealth        | |  4.4
Spellcasting   | |  2.7

Action                   || total
-------------------------++-------
Melee: Dagger            ||    43
       Short sword       ||     6
 Cast: Ensorcelled Hiber ||     2
 Stab: Sleeping          ||    14
Armor: Robe              ||     1
Dodge: Dodged            ||    27

Table legend: (Time is in decaauts)
 A = Elapsed time spent in this place.
 B = Non-inter-level travel time spent in this place.
 C = Inter-level travel time spent in this place.
 D = Time resting spent in this place.
 E = Time spent auto-exploring this place.
 F = Levels seen in this place.
 G = Mean time per level.
                   A        B        C        D        E       F      G
               +--------+--------+--------+--------+--------+-----+--------+
         Total |    945 |    932 |     13 |    245 |    524 |   2 |  472.5 |
       Dungeon |    945 |    932 |     13 |    245 |    524 |   2 |  472.5 |
               +--------+--------+--------+--------+--------+-----+--------+

Top non-repeatable levels by time:
     D:1: 857 daAuts
     D:2: 87 daAuts
